 Dungeon Crawl Stone Soup version 0.31.0-9-g3a7656b989 (webtiles) character file.

Game seed: 6178762184198470440

130 qw the Shooter (level 4, -1/36 HPs)
             Began as a Demigod Hunter on Feb 2, 2024.
             Incinerated by a bombardier beetle (5 damage)
             ... with a burning spray
             ... on level 3 of the Dungeon.
             The game lasted 00:00:07 (1585 turns).

qw the Shooter (Demigod Hunter)                     Turns: 1585, Time: 00:00:07

Health: -1/36      AC:  7    Str: 12    XL:     4   Next: 59%
Magic:  6/6        EV: 11    Int: 11    God:
Gold:   127        SH:  0    Dex: 21    Spells: 3/3 levels left

rFire   . . .        a - +0 shortbow
rCold   . . .        (shield currently unavailable)
rNeg    . . .        f - +0 ring mail
rPois   .            h - +2 hat
rElec   .            (no cloak)
rCorr   .            (no gloves)
SInv    .            (no boots)
Will    .....        (no amulet)
Stlth   +            (no ring)
HPRegen 0.26/turn    (no ring)
MPRegen 0.10/turn

%: no passive effects
@: on fire, glowing
A: high MP 1, forlorn, divine attributes
a: no special abilities


You were on level 3 of the Dungeon.
You visited 1 branch of the dungeon, and saw 3 of its levels.

You collected 127 gold pieces.


Innate Abilities, Weirdness & Mutations

You have an increased reservoir of magic. (+10% MP)
You shall have no god before yourself.
Your divine heritage dramatically boosts your attributes as you level up.


   Skills:
 - Level 2.0 Fighting
 + Level 5.0 Ranged Weapons
 - Level 1.9 Armour
 - Level 2.0 Dodging
 - Level 0.8 Stealth


You had 3 spell levels left.
You didn't know any spells.
Your spell library was empty.

Inventory:

Hand Weapons
 a - a +0 shortbow (weapon)
Armour
 f - a +0 ring mail (worn)
 h - a +2 hat (worn)
Scrolls
 d - 3 scrolls of teleportation
 g - a scroll of amnesia {unknown}
Potions
 b - a potion of brilliance {unknown}
 c - a potion of might
 e - a potion of curing
 i - a potion of heal wounds {unknown}
 j - a potion of enlightenment {unknown}

Dungeon Overview and Level Annotations

Branches:
Dungeon (3/15)


Message History

The goblin closely misses you.
You shoot an arrow.
The arrow hits the goblin but does no damage.
The goblin hits you but does no damage.
You shoot an arrow. The arrow hits the goblin.
The goblin is severely wounded.
The goblin closely misses you.
You shoot an arrow. The arrow hits the goblin.
You kill the goblin!
You shoot an arrow. The arrow hits the bombardier beetle.
The bombardier beetle is lightly wounded.
You shoot an arrow.
The arrow barely misses the bombardier beetle.
The bombardier beetle sprays incendiary fluid at you.
The burning spray hits you.
You are covered in liquid fire!
You shoot an arrow. The arrow hits the bombardier beetle.
The bombardier beetle is heavily wounded.
The liquid fire burns you!
You shoot an arrow.
The arrow hits the bombardier beetle but does no damage.
The bombardier beetle is heavily wounded.
The liquid fire burns you!
You shoot an arrow. The arrow hits the bombardier beetle.
The bombardier beetle is heavily wounded.
The liquid fire burns you!
You are on fire!
The liquid fire burns you!
You shoot an arrow. The arrow hits the bombardier beetle!
The bombardier beetle is almost dead.
The liquid fire burns you!
You shoot an arrow. The arrow hits the bombardier beetle!
You kill the bombardier beetle!
The liquid fire burns you!
Your Armour skill increases to level 1!
You are on fire!
The liquid fire burns you!
You are on fire!
The liquid fire burns you!
You die...

#....#
#..#..#####...#.<...
#....# ##.#.##
#...#..... ######
#.#.# ##..#.....
#...# #........
##.## #........ #.#
........< #.#
##....... #.#
#....... #@#
#....$).....#
##..........#
#.##..>....# ##
#........ #....!...
.....#### ######


There were no monsters in sight!

Vanquished Creatures
  A bombardier beetle (D:3)
  2 gnolls (D:2)
  3 adders
  A dart slug (D:3)
  2 ribbon worms (D:2)
  An orc (D:3)
  A bat (D:3)
  2 endoplasms
  3 giant cockroaches
  7 goblins
  A hobgoblin (D:3)
  6 quokkas
  6 ball pythons
  2 frilled lizards
  4 kobolds
  A rat (D:1)
43 creatures vanquished.

Notes
Turn   | Place    | Note
-------+----------+-------------------------------------------
     0 | D:1      | qw the Demigod Hunter began the quest for the Orb.
     0 | D:1      | Reached XP level 1. HP: 17/17 MP: 3/3
     0 | D:1      | 0 ||| qw: Version: 0.3-a-155-g5e7d8dd
     0 | D:1      | 0 ||| qw: Game counter: 278
     0 | D:1      | 0 ||| qw: Melee chars always use a shield: true
     0 | D:1      | 0 ||| qw: God list: Okawaru
     0 | D:1      | 0 ||| qw: Allow faded altars: false
     0 | D:1      | 0 ||| qw: Do Orc after clearing Dungeon:15 true
     0 | D:1      | 0 ||| qw: Do second Lair branch before Depths: true
     0 | D:1      | 0 ||| qw: Lair rune preference: random
     0 | D:1      | 0 ||| qw: Goals: Normal
     0 | D:1      | 0 ||| PLANNING D:1-11
   297 | D:1      | Reached skill level 4 in Ranged Weapons
   518 | D:1      | Reached XP level 2. HP: 24/24 MP: 4/4
   556 | D:1      | 556 ||| UPGRADING to +0 ring mail.
   566 | D:1      | 566 ||| DROPPING +0 leather armour.
   567 | D:1      | 567 ||| UPGRADING to +2 hat.
   572 | D:1      | 572 ||| READING 3 scrolls labelled LIBBOA IR REOM.
   576 | D:1      | 576 ||| READING 2 scrolls labelled MIDOTOEVUPH.
   577 | D:1      | 577 ||| DRINKING 2 yellow potions.
   578 | D:1      | 578 ||| DRINKING 2 fuming black potions.
   579 | D:1      | 579 ||| DROPPING scroll of butterflies.
   580 | D:1      | 580 ||| DROPPING scroll of poison.
   581 | D:1      | 581 ||| DROPPING potion of attraction.
   583 | D:1      | 583 ||| Stepping ~*~*~tactically~*~*~ (cloud).
   584 | D:1      | 584 ||| DRINKING potion of curing.
   584 | D:1      | 584 ||| (to cure poison)
   907 | D:2      | Reached XP level 3. HP: 28/29 MP: 5/5
  1027 | D:2      | Reached skill level 5 in Ranged Weapons
  1304 | D:2      | 1304 ||| DRINKING 2 fizzy yellow potions.
  1359 | D:3      | Reached XP level 4. HP: 36/36 MP: 6/6
  1583 | D:3      | HP: 7/36 [burnt (5)]
  1584 | D:3      | Reached skill level 1 in Armour
  1585 | D:3      | Incinerated by a bombardier beetle

Levels and vault maps discovered:
D:1:      eino_arrival_water_star, layout_loops_cross
D:2:      wad_woods_tower, layout_rooms
D:3:      minmay_general_purpose_star, layout_rooms, tso_oasis_becter,
          nicolae_ecumenical_snake_handling, minmay_gold_behind_fungi,
          uniq_crazy_yiuf_cottage

Skill      XL: |  1  2  3  4 |
---------------+-------------+-----
Ranged Weapons | 4 5 |  5.0
Fighting       | 2 |  2.0
Dodging        | 2 |  2.0
Armour         | 1 |  1.9
Stealth        | |  0.8

Action                     |  1- 3 |  4- 6 || total
---------------------------+-------+-------++-------
   Fire: Shortbow          |   117 |    38 ||   155
    Use: Potion            |     4 |       ||     4
         Scroll            |     2 |       ||     2
 Armour: Leather armour    |     1 |       ||     1
         Ring mail         |    36 |    10 ||    46
  Dodge: Dodged            |    18 |    17 ||    35

Table legend:
 A = Non-vault XP
 B = Vault XP
 C = Vault XP percentage of total XP
 D = Non-vault monster count
 E = Vault monster count
 F = Vault count percentage of total count
                 A         B        C        D         E       F
            +---------+---------+-------+---------+---------+-------
      Total |     138 |      48 |  25.8 |      32 |      11 |  25.6
            +---------+---------+-------+---------+---------+-------
        D:1 |      15 |       0 |   0.0 |      10 |       0 |   0.0
        D:2 |      49 |      36 |  42.4 |      12 |       6 |  33.3
        D:3 |      74 |      12 |  14.0 |      10 |       5 |  33.3
            +---------+---------+-------+---------+---------+-------
